[Event "DEN-ch Seniors 2018"]
[Site "Hvidovre"]
[Date "2018.02.13"]
[Round "2"]
[White "Lilja, Richard"]
[Black "Matras, Ove"]
[Result "1-0"]
[ECO "B10"]
[WhiteElo "2086"]
[BlackElo "1781"]
[Annotator "NA RC"]
[PlyCount "60"]
[EventDate "2018.??.??"]
[EventType "tourn"]
[EventCountry "DEN"]
[SourceTitle "playchess.com"]
[Source "ChessBase"]
[SourceQuality "1"]
[TimeControl "40/5400+30:1800+30"]

1. e4 c6 2. d3 g6 3. g3 Bg7 4. Bg2 d5 5. Nd2 e5 6. Ngf3 Nd7 7. O-O Ne7 8. Re1 O-O 9. Nf1 d4 10. h4 Re8 11. N1h2 f5 12. exf5 gxf5 13. c3 dxc3 14. Qb3+ Nd5 15. bxc3 Qb6 16. Qc2 Nf8 17. Rb1 Qc7 18. Qb3 h6 19. c4 Nf6 20. Bb2 N8d7 21. Bh3 Nc5 22. Qa3 Nxd3 23. Qxd3 e4 24. Qd2 exf3 25. Bxf6 Rxe1+ 26. Rxe1 Bxf6 27. Qxh6 Qf7 28. Nxf3 Be6 29. Ng5 Bxg5 30. Qxg5+ Kf8 1-0

[Event "DEN-ch Seniors 2018"]
[Site "Hvidovre"]
[Date "2018.02.13"]
[Round "2"]
[White "Hvenekilde, Jorgen"]
[Black "Nielsen, Carsten Juul"]
[Result "1/2-1/2"]
[ECO "C55"]
[WhiteElo "2044"]
[BlackElo "1891"]
[Annotator "NA RC"]
[PlyCount "41"]
[EventDate "2018.??.??"]
[EventType "tourn"]
[EventCountry "DEN"]
[SourceTitle "playchess.com"]
[Source "ChessBase"]
[SourceQuality "1"]
[TimeControl "40/5400+30:1800+30"]

1. e4 e5 2. Nf3 Nc6 3. Bc4 Nf6 4. d4 exd4 5. O-O d6 6. Nxd4 Nxd4 7. Qxd4 Be7 8. Nc3 O-O 9. h3 c6 10. a4 Qb6 11. Qd3 Nd7 12. a5 Qc5 13. Be3 Qh5 14. f4 Nc5 15. Qe2 Qxe2 16. Bxe2 Ne6 17. Rad1 f5 18. exf5 Rxf5 19. g4 Rf8 20. f5 Nd8 21. Ne4 1/2-1/2

[Event "DEN-ch Seniors 2018"]
[Site "Hvidovre"]
[Date "2018.02.13"]
[Round "2"]
[White "Jorgensen, Orla Eilegaard"]
[Black "Schultz-Pedersen, Jesper"]
[Result "0-1"]
[ECO "B00"]
[WhiteElo "1580"]
[BlackElo "2068"]
[Annotator "NA RC"]
[PlyCount "84"]
[EventDate "2018.??.??"]
[EventType "tourn"]
[EventCountry "DEN"]
[SourceTitle "playchess.com"]
[Source "ChessBase"]
[SourceQuality "1"]
[TimeControl "40/5400+30:1800+30"]

1. e4 Nc6 2. d4 d5 3. f3 dxe4 4. d5 Ne5 5. fxe4 e6 6. Nf3 Bb4+ 7. c3 Bd6 8. Bg5 Nxf3+ 9. gxf3 Qxg5 10. Bb5+ Kf8 11. Qd4 Qc1+ 12. Qd1 Qxd1+ 13. Kxd1 exd5 14. exd5 Nf6 15. Re1 Bf5 16. c4 g6 17. Nd2 Kg7 18. Ne4 Bxe4 19. fxe4 Be5 20. Kc2 Rhd8 21. h4 Rab8 22. Rad1 a6 23. Ba4 b5 24. cxb5 axb5 25. Bb3 Rb6 26. Kb1 Re8 27. Bc2 Nd7 28. h5 Rf6 29. Bd3 Rb8 30. Re2 Rf3 31. hxg6 hxg6 32. Rc2 Bd6 33. Rg2 Re3 34. Bc2 Rh8 35. Rdg1 Rh2 36. Rg4 Ree2 37. Rc1 Ne5 38. Rgg1 Nd3 39. Rcd1 Rxc2 40. Rxd3 Rxb2+ 41. Kc1 Bf4+ 42. Kd1 Rb1# 0-1

[Event "DEN-ch Seniors 2018"]
[Site "Hvidovre"]
[Date "2018.02.14"]
[Round "3"]
[White "Schultz-Pedersen, Jesper"]
[Black "Lilja, Richard"]
[Result "1-0"]
[ECO "B23"]
[WhiteElo "2068"]
[BlackElo "2086"]
[Annotator "NA RC"]
[PlyCount "61"]
[EventDate "2018.??.??"]
[EventType "tourn"]
[EventCountry "DEN"]
[SourceTitle "playchess.com"]
[Source "ChessBase"]
[SourceQuality "1"]
[TimeControl "40/5400+30:1800+30"]

1. e4 c5 2. Nc3 e6 3. f4 d5 4. Nf3 dxe4 {[%emt 0:00:13] B23: Closed Sicilian: Lines without g3} (4... Nc6 5. Bb5 Nge7 6. O-O a6 7. Bxc6+ Nxc6 8. d3 Be7 9. Kh1 b5 10. Qe1 b4 11. Na4 O-O 12. Be3 Qa5 13. b3 Qb5 14. c4 bxc3 15. Nxc3 Qb7 16. exd5 exd5 17. Nxd5 {1-0 (76) Shabalov,A (2544)-Pichot,A (2552) chess.com INT 2018}) 5. Ne5 Nf6 6. Bb5+ Nbd7 7. Qe2 a6 8. Bxd7+ $1 Bxd7 9. Nxe4 Be7 10. b3 $146 ({Predecessor:} 10. Ng5 O-O {½-½ (32) Topot,I (1228)-Aguilar,S (1550) Chessfriend.com 2003}) 10... O-O 11. Bb2 Be8 12. Nxf6+ Bxf6 13. O-O b5 14. f5 (14. a4 $11) 14... exf5 15. Rxf5 Bd7 $1 16. Nc6 $2 (16. Rff1 $15) 16... Bxb2 ({Weaker is} 16... Bxf5 17. Nxd8 Bxb2 18. Rf1 $11) (16... Bxc6 {[#]} 17. Rxf6 $1 Re8 18. Qg4 $15) 17. Nxd8 Bxa1 18. Rxf7 Bd4+ ({Weaker is} 18... Raxd8 19. Rxf8+ Rxf8 20. c3 $15) 19. Kh1 Raxd8 20. Rxf8+ Rxf8 21. h4 Re8 22. Qf3 b4 23. c3 bxc3 24. dxc3 Re1+ 25. Kh2 Bg1+ 26. Kh1 Bf2+ 27. Kh2 Bxh4 28. Qa8+ Kf7 $2 (28... Be8 $17 29. Qxa6 Bf6) 29. Qd5+ Re6 $2 (29... Ke7 $11 {and Black is okay.}) 30. Qxd7+ Be7 31. Qd5 $18 1-0

[Event "DEN-ch Seniors 2018"]
[Site "Hvidovre"]
[Date "2018.02.14"]
[Round "3"]
[White "Nielsen, Jorgen Lovgren"]
[Black "Sorensen, Jens Kristian"]
[Result "1-0"]
[ECO "B16"]
[WhiteElo "2041"]
[BlackElo "1905"]
[Annotator "NA RC"]
[PlyCount "81"]
[EventDate "2018.??.??"]
[EventType "tourn"]
[EventCountry "DEN"]
[SourceTitle "playchess.com"]
[Source "ChessBase"]
[SourceQuality "1"]
[TimeControl "40/5400+30:1800+30"]

1. e4 c6 2. d4 d5 3. Nc3 dxe4 4. Nxe4 Nf6 5. Nxf6+ gxf6 6. Nf3 Bg4 7. Be2 e6 8. O-O Qc7 {[%emt 0:13:08] B16: Caro-Kann: Bronstein-Larsen Variation} 9. c4 Nd7 10. Be3 (10. h3 $14 Bf5 11. Qb3) (10. Nh4 h5 11. h3 Bxe2 12. Qxe2 O-O-O 13. Rd1 Bd6 14. d5 Rde8 15. Be3 Bc5 16. Bxc5 Nxc5 {1-0 (34) Adams,M (2715)-Short,N (2687) Sheffield 2011}) 10... O-O-O 11. Qa4 {LiveBook: 4 Games} Kb8 12. c5 $146 ({Find the theoretical novelty and annotate with similar games:} 12. b4 f5 13. Rad1 Bd6 14. h3 Bh5 15. c5 Bf4 16. Bxf4 Qxf4 17. Rd3 {½-½ (28) Kokarev,D (2370)-Yevseev,D (2539) Moscow 1999}) 12... h5 13. b4 b5 $2 ({Black should try} 13... Rg8 $14) 14. cxb6 $2 (14. Qc2 $18) 14... Nxb6 15. Qb3 Nd5 16. Rfc1 Qb6 17. Qa4 Rc8 18. Ba6 Rc7 {[%emt 0:00:55] [#]} ({Black should try} 18... Bxf3 $1 $14 19. gxf3 Rc7) 19. Nd2 $1 Ka8 {[%emt 0:05:07] [#]} (19... Bf5 $142 20. a3 Ka8) 20. a3 $2 (20. Rab1 $1 $18) 20... Bh6 (20... Rg8 $16 {was called for.}) 21. Nc4 Qb8 22. Bxh6 Rxh6 23. Na5 Nb6 $2 (23... Rg6 {was necessary.} 24. Bd3 (24. Nxc6 Qe8 $16) (24. Rxc6 Bf3 $16) 24... Rg8) 24. Qb3 Qe8 {[%emt 0:03:09] [#]} 25. Bb5 $1 Qd7 26. Bxc6+ Rxc6 27. Nxc6 Bf5 28. Qf3 Nd5 29. Rc5 Rh8 30. Rac1 Bg4 31. Qg3 f5 32. Qe5 Rg8 $1 $11 33. Ra5 (33. Rb5 Qc7 34. Rxd5 Qxe5) 33... Rc8 {[%emt 0:00:57] [#]} 34. Rac5 $2 ({White should try} 34. Qd6 $3 $18 Rxc6 {[#]} (34... Qxd6 35. Rxa7#) 35. Rxa7+ $1 (35. Qxd7 $2 {leads to mate.} Rxc1#) 35... Qxa7 36. Rxc6) 34... f6 $2 35. Qg3 Be2 36. Na5 Rb8 37. R1c2 f4 38. Qg6 f3 39. Qe4 Rg8 {[%emt 0:00:49] [#]} (39... f5 $18 40. Qh4 Bd3) 40. Qh7 $1 Rxg2+ 41. Kh1 1-0

[Event "DEN-ch Seniors 2018"]
[Site "Hvidovre"]
[Date "2018.02.14"]
[Round "3"]
[White "Hansen, Lars-Henrik Bech"]
[Black "Holler Johansen, Alexander Mikkel Jo"]
[Result "1/2-1/2"]
[ECO "B23"]
[WhiteElo "1972"]
[BlackElo "1904"]
[Annotator "NA RC"]
[PlyCount "29"]
[EventDate "2018.??.??"]
[EventType "tourn"]
[EventCountry "DEN"]
[SourceTitle "playchess.com"]
[Source "ChessBase"]
[SourceQuality "1"]
[TimeControl "40/5400+30:1800+30"]

1. e4 c5 2. Nc3 Nc6 3. f4 d6 4. Nf3 g6 5. Bc4 Bg7 6. O-O e6 7. d3 Nge7 8. Qe1 O-O {[%emt 0:04:02] LiveBook: 213 Games} 9. Qh4 d5 10. Bb3 $1 f5 (10... Na5 $15) 11. e5 Rb8 12. Ne2 b5 13. c3 ({Wrong is} 13. Ng5 $2 h6 $19) 13... Bd7 14. Bc2 b4 15. d4 $11 ({White should try} 15. Bb3 $16) 1/2-1/2

[Event "DEN-ch Seniors 2018"]
[Site "Hvidovre"]
[Date "2018.02.15"]
[Round "4"]
[White "Larsen, Peter"]
[Black "Lindestrom, Torsten"]
[Result "0-1"]
[ECO "B01"]
[WhiteElo "2268"]
[BlackElo "2194"]
[Annotator "RC"]
[PlyCount "42"]
[EventDate "2018.??.??"]
[EventType "tourn"]
[EventCountry "DEN"]
[SourceTitle "playchess.com"]
[Source "ChessBase"]
[SourceQuality "1"]
[TimeControl "40/5400+30:1800+30"]

1. e4 d5 2. exd5 Qxd5 3. Nc3 Qd6 4. d4 Nf6 5. Nf3 g6 6. Nb5 Qb6 7. Bf4 Nd5 8. Be5 f6 9. c4 a6 10. cxd5 fxe5 11. Nc3 Qxb2 12. Rc1 Bf5 13. dxe5 Bh6 14. Nd2 Nd7 15. e6 Nc5 16. Be2 O-O 17. h4 Nd3+ 18. Bxd3 Bxd3 19. h5 Rf5 20. f3 Re5+ 21. Nce4 Qd4 0-1

[Event "DEN-ch Seniors 2018"]
[Site "Hvidovre"]
[Date "2018.02.15"]
[Round "4"]
[White "Lilja, Richard"]
[Black "Baliuniene, Margarita"]
[Result "1-0"]
[ECO "B23"]
[WhiteElo "2086"]
[BlackElo "1881"]
[Annotator "NA RC"]
[PlyCount "83"]
[EventDate "2018.??.??"]
[EventType "tourn"]
[EventCountry "DEN"]
[SourceTitle "playchess.com"]
[Source "ChessBase"]
[SourceQuality "1"]
[TimeControl "40/5400+30:1800+30"]

1. e4 c5 2. Nc3 g6 3. f4 Bg7 4. Nf3 a6 {[%emt 0:01:41] LiveBook: 16 Games} 5. Be2 e6 6. O-O {[%emt 0:00:56] B23: Closed Sicilian: Lines without g3} Ne7 7. d3 O-O 8. Qe1 d5 $146 ({Find the theoretical novelty and annotate with similar games:} 8... f5 9. h4 Nbc6 10. h5 Nd4 11. hxg6 Nxg6 12. Bd1 b5 13. Qg3 Bb7 {0-1 (58) Ciotoli,P-Colombo,P (2170) Italy 1996}) 9. Kh1 Nbc6 10. Qh4 f5 ({Better is} 10... Nd4 $15 11. f5 (11. Ng5 $2 h6 $19) 11... exf5) 11. Qf2 ({Much weaker is} 11. Ng5 h6 $17) (11. e5 $11) 11... Nd4 12. Bd1 b5 {[%emt 0:04:16] [#]} ({Black should try} 12... fxe4 $17 13. dxe4 Bd7) 13. exd5 (13. e5 $1 $16) 13... exd5 14. Nxd4 Bxd4 15. Be3 (15. Qf3 $15) 15... Bxe3 16. Qxe3 d4 17. Qf3 Rb8 ({Not} 17... dxc3 18. Qxa8 cxb2 19. Rb1 $11) 18. Nb1 Nd5 19. Qg3 Ne3 20. Rg1 Bb7 21. Nd2 Re8 22. Nf3 Nxd1 23. Raxd1 Re2 24. Rde1 Rxc2 25. Re5 {[%emt 0:02:34] [#]} Qf6 ({Black should play} 25... Bxf3 $1 $17 26. gxf3 c4 27. Rxf5 cxd3) 26. Rge1 Rf8 ({Don't take} 26... Rxb2 27. Qh3 $17) (26... Bxf3 $5 27. Qxf3 Rf8 $15) 27. Re6 Qf7 $2 (27... Qd8 {ist zäher.}) 28. Re7 Qd5 29. Qh4 Rf7 30. Rxf7 Qxf7 31. Qd8+ Qf8 32. Re8 Rc1+ 33. Ng1 Qxe8 34. Qxe8+ Kg7 35. Qe7+ Kh6 36. Qxb7 (36. Qf8+ $142 Kh5 37. Qg7 h6 38. Qxb7 g5 39. fxg5 Kxg5 40. Qxa6 Rd1 41. Qxb5) 36... c4 37. dxc4 bxc4 38. Qb4 d3 39. h3 Rc2 40. Nf3 c3 41. bxc3 d2 42. Nxd2 1-0

[Event "DEN-ch Seniors 2018"]
[Site "Hvidovre"]
[Date "2018.02.15"]
[Round "4"]
[White "Sorensen, Ivan"]
[Black "Nielsen, Jan Torp"]
[Result "1-0"]
[ECO "D83"]
[WhiteElo "2039"]
[BlackElo "1819"]
[Annotator "NA RC"]
[PlyCount "95"]
[EventDate "2018.??.??"]
[EventType "tourn"]
[EventCountry "DEN"]
[SourceTitle "playchess.com"]
[Source "ChessBase"]
[SourceQuality "1"]
[TimeControl "40/5400+30:1800+30"]

1. d4 Nf6 2. c4 g6 3. Nc3 d5 4. Bf4 Bg7 5. e3 O-O {[%emt 0:00:47] LiveBook: 927 Games} 6. Qb3 e6 {[%emt 0:03:59] D83: Grünfeld: 4 Bf4 Bg7 5 e3 0-0} (6... dxc4 7. Bxc4 c5 8. dxc5 Qa5 9. Nf3 Ne4 10. O-O Nxc5 11. Qc2 Nc6 12. a3 Bxc3 13. b4 Nxb4 14. Qxc3 Nc6 15. Qb2 Na4 {½-½ (15) Mahling,T (2570)-Svacek,P (2565) ICCF email 2014}) 7. h3 (7. Nf3 $14) 7... c6 (7... c5 $11) 8. Nf3 Nbd7 9. Be2 dxc4 10. Bxc4 Nb6 11. Be2 Nbd5 12. Bh2 Qb6 13. Qc2 Bd7 $146 ({Find the theoretical novelty and annotate with similar games:} 13... Re8 14. O-O Nxc3 15. bxc3 Qa5 {1-0 (31) Cazzaniga,W (2104)-Cartella,G (1937) Milan 2005}) 14. O-O Rac8 (14... c5 $14) 15. Bd6 Rfe8 {[%emt 0:03:21] [#]} 16. Na4 $1 Qd8 {[%emt 0:09:49] [#]} 17. Nc5 $1 b5 (17... e5 {might work better.}) 18. e4 Ne7 19. Qd2 Ra8 20. g4 Bc8 21. Qf4 Rf8 22. Bc7 (22. Be5 $18 {bietet bessere Gewinnchancen.} Nd7 23. Bxg7 Kxg7 24. g5 (24. Nxd7 Bxd7 25. g5 f6 $18)) 22... Qe8 ({Black should play} 22... Nfd5 $14 23. exd5 (23. Bxd8 Nxf4 24. Bxe7 Nxe2+ 25. Kg2 Re8 $11) 23... Nxd5 24. Qxf7+ (24. Bxd8 Nxf4 25. Bxb5 Rxd8 $17) 24... Kxf7 25. Bxd8 Rxd8) 23. Qd6 Nd7 24. Rac1 Nxc5 25. Qxc5 Bb7 (25... f6 $16 26. Rfe1 Bb7) 26. Bd6 Nc8 27. Bxf8 Bxf8 28. Qc2 a5 29. Ne5 Ne7 (29... Nd6 $142 30. g5 (30. Nxc6 Bh6 $18) 30... Bg7) 30. Nd3 Bg7 31. Nc5 Qb8 32. Rcd1 Bc8 33. Qd2 f5 34. Bf3 e5 $2 (34... fxe4 35. Bg2 (35. Nxe4 Nd5 $18) 35... Nd5) 35. d5 (35. exf5 $142 gxf5 36. dxe5 Qxe5 37. Qd8+ Bf8 38. Nd7 Bxd7 39. Qxa8 fxg4 40. hxg4 (40. Rxd7 gxf3 41. Rfd1 Qg7+ 42. Kf1 Qg2+ 43. Ke1 Qg1+ 44. Kd2 Qxf2+ 45. Kc1 Qc5+ 46. Kb1 Qf5+ 47. Kc1 Qf4+ 48. Kb1 f2 $17)) 35... cxd5 $2 (35... Qd6 36. Ne6 f4 37. Nxg7 Kxg7) 36. gxf5 $2 (36. exf5 $18 {and the rest is easy.} Bb7 37. Nxb7 Qxb7 {[#]} 38. Qxd5+ $1 Nxd5 39. Bxd5+ Qxd5 40. Rxd5) 36... gxf5 $2 (36... Qd6 $16) 37. exf5 e4 {[%emt 0:01:40] [#]} 38. Bg4 $2 (38. Nxe4 $1 $18 dxe4 39. Qd8+ (39. Bxe4 Bb7 $16) 39... Bf8 40. f6 (40. Bxe4 Bb7 $18)) 38... h5 $2 (38... Qe5 $14) 39. Qg5 hxg4 $2 (39... Qe5) 40. Qxe7 (40. f6 $142 Nf5 41. Rxd5) 40... Bxf5 41. Rxd5 Qf4 42. Ne6 Bxe6 43. Qxe6+ Qf7 44. Qxf7+ Kxf7 45. Rxb5 gxh3 46. Kh2 Rh8 $18 47. Re1 Bd4 48. Rxe4 1-0

[Event "DEN-ch Seniors 2018"]
[Site "Hvidovre"]
[Date "2018.02.15"]
[Round "4"]
[White "Hald, Jens Erik Kofoed"]
[Black "Hansen, Lars-Henrik Bech"]
[Result "1/2-1/2"]
[ECO "B00"]
[WhiteElo "1983"]
[BlackElo "1972"]
[Annotator "NA RC"]
[PlyCount "50"]
[EventDate "2018.??.??"]
[EventType "tourn"]
[EventCountry "DEN"]
[SourceTitle "playchess.com"]
[Source "ChessBase"]
[SourceQuality "1"]
[TimeControl "40/5400+30:1800+30"]

1. e4 d6 2. Bc4 Nf6 3. d3 d5 4. exd5 Nxd5 5. Bg5 c6 6. Nc3 Nxc3 7. bxc3 Qa5 8. Qd2 Qe5+ 9. Ne2 Bg4 (9... e6 $14) 10. d4 Qa5 11. O-O Nd7 12. Rfe1 e6 13. h3 (13. Ng3 $16) 13... Bf5 14. Nf4 $2 ({White should play} 14. Ng3 $16 Nb6 15. Bd3 (15. Nxf5 Nxc4 16. Qd3 Nd6 $14) 15... Bxd3 16. cxd3) 14... Nf6 (14... h6 $17 15. Nxe6 fxe6) 15. Bxf6 gxf6 16. g4 (16. Nh5 $1 $14 O-O-O 17. Nxf6) 16... Bh6 17. Qe3 (17. gxf5 $11 {keeps the balance.} Rg8+ 18. Kf1 (18. Kh1 Qxf5 19. Qe2 Bxf4 $17) 18... Qxf5 19. Rxe6+ Kf8 20. Qd3 Qxf4 21. Re4) 17... Rg8 18. Qf3 Bxg4 $2 (18... O-O-O $17 19. Ne2 Rd7) 19. hxg4 Qf5 {[%emt 0:00:05] [#]} 20. Rxe6+ (20. Nxe6 $1 $16 Rxg4+ 21. Kf1 Qxf3 22. Ng5+ Qe3 23. Rxe3+ (23. fxe3 Bxg5 24. Ke2 Rg2+ 25. Kf3 Rxc2 $17) 23... Kf8 24. Nxh7+ Kg7 25. Re7 Kxh7 26. Rxf7+ (26. Rxb7 Rh4 $18) 26... Kg6 27. Rxb7) 20... Kd8 $2 (20... fxe6 $14 21. Bxe6 Rxg4+ 22. Qxg4 Qxg4+ 23. Bxg4 Bxf4) 21. Rd6+ Kc8 {[%emt 0:03:28] [#]} 22. Rd8+ $11 (22. Rxc6+ $1 $18 Kb8 (22... bxc6 23. Qxc6+) 23. Rb1 Qxg4+ 24. Qxg4 Rxg4+ 25. Ng2) 22... Kxd8 23. Ne6+ $1 fxe6 24. Qxf5 exf5 25. Bxg8 fxg4 1/2-1/2

[Event "DEN-ch Seniors 2018"]
[Site "Hvidovre"]
[Date "2018.02.16"]
[Round "5"]
[White "Petersen, Peter Birk"]
[Black "Sorensen, Ivan"]
[Result "1-0"]
[ECO "B89"]
[WhiteElo "2130"]
[BlackElo "2039"]
[Annotator "NA RC"]
[PlyCount "49"]
[EventDate "2018.??.??"]
[EventType "tourn"]
[EventCountry "DEN"]
[SourceTitle "playchess.com"]
[Source "ChessBase"]
[SourceQuality "1"]
[TimeControl "40/5400+30:1800+30"]

1. e4 c5 2. Nf3 Nc6 3. d4 cxd4 4. Nxd4 Nf6 5. Nc3 d6 6. Bc4 e6 7. Be3 Be7 8. Qe2 a6 9. O-O-O Qc7 10. Bb3 Na5 11. g4 b5 12. g5 Nxb3+ {LiveBook: 268 Games} 13. axb3 Nd7 14. h4 Bb7 (14... b4 $15 15. Na4 Bb7) 15. f3 Nb6 16. h5 b4 17. Na4 Nxa4 18. bxa4 Qa5 19. g6 O-O (19... Qxa4 $16 20. Kb1 Bf6) 20. h6 hxg6 $2 (20... fxg6 {was necessary.} 21. hxg7 (21. Nxe6 Rfc8 $14) 21... Rf6) 21. hxg7 Rfc8 {[#]} 22. Nf5 $1 exf5 23. Qh2 Kxg7 24. Bd4+ Bf6 25. Qh6+ {Be7 Qh2+ f6} 1-0

[Event "DEN-ch Seniors 2018"]
[Site "Hvidovre"]
[Date "2018.02.16"]
[Round "5"]
[White "Schultz-Pedersen, Jesper"]
[Black "Hald, Jens Erik Kofoed"]
[Result "1/2-1/2"]
[ECO "B20"]
[WhiteElo "2068"]
[BlackElo "1983"]
[Annotator "NA RC"]
[PlyCount "40"]
[EventDate "2018.??.??"]
[EventType "tourn"]
[EventCountry "DEN"]
[SourceTitle "playchess.com"]
[Source "ChessBase"]
[SourceQuality "1"]
[TimeControl "40/5400+30:1800+30"]

1. e4 c5 2. b4 cxb4 3. a3 d5 4. exd5 Qxd5 5. Nf3 e5 6. Bb2 {[%emt 0:00:10] B20: Sicilian: Unusual White 2nd moves} (6. axb4 Bxb4 7. Na3 Nc6 8. Nb5 Qd8 9. c3 Be7 10. d4 exd4 11. Bf4 Kf8 12. Bc4 Bg4 13. O-O a6 14. Nbxd4 Nxd4 15. cxd4 {½-½ (59) Williams,S (2439)-Dragun,K (2564) London 2015}) 6... Nc6 7. c4 {[%emt 0:00:53] LiveBook: 17 Games} Qe6 8. Bd3 f6 9. O-O Bc5 10. Re1 Nge7 11. axb4 Bxb4 12. Na3 Bd7 $146 ({Predecessor:} 12... a6 13. Bb1 Qd6 {0-1 (32) Meleshko,V-Lineikin,D Lvov 1999}) 13. Qb1 g6 14. Nb5 Rc8 15. Nxa7 Nxa7 16. Rxa7 Qb6 17. Ra1 Bc5 18. Ba3 Qxb1 $11 19. Rexb1 Bxa3 20. Rxa3 Bc6 1/2-1/2

[Event "DEN-ch Seniors 2018"]
[Site "Hvidovre"]
[Date "2018.02.16"]
[Round "5"]
[White "Nielsen, Jorgen Lovgren"]
[Black "Marshall, Michael"]
[Result "1/2-1/2"]
[ECO "C43"]
[WhiteElo "2041"]
[BlackElo "1826"]
[Annotator "NA RC"]
[PlyCount "33"]
[EventDate "2018.??.??"]
[EventType "tourn"]
[EventCountry "DEN"]
[SourceTitle "playchess.com"]
[Source "ChessBase"]
[SourceQuality "1"]
[TimeControl "40/5400+30:1800+30"]

1. e4 e5 2. Nf3 Nf6 3. d4 Nxe4 4. dxe5 d5 5. exd6 Bxd6 6. Bd3 ({Natürlich nicht} 6. Qd4 O-O $17) 6... Nf6 7. Bg5 O-O 8. O-O Bg4 9. Nbd2 Nbd7 10. Ne4 Be7 $11 11. Nxf6+ Nxf6 12. h3 Bh5 13. g4 Bg6 14. Bxg6 hxg6 15. Qxd8 Raxd8 16. Rfe1 Rfe8 17. Re2 1/2-1/2

[Event "DEN-ch Seniors 2018"]
[Site "Hvidovre"]
[Date "2018.02.16"]
[Round "5"]
[White "Baliuniene, Margarita"]
[Black "Holler Johansen, Alexander Mikkel Jo"]
[Result "1-0"]
[ECO "D78"]
[WhiteElo "1881"]
[BlackElo "1904"]
[Annotator "NA RC"]
[PlyCount "139"]
[EventDate "2018.??.??"]
[EventType "tourn"]
[EventCountry "DEN"]
[SourceTitle "playchess.com"]
[Source "ChessBase"]
[SourceQuality "1"]
[TimeControl "40/5400+30:1800+30"]

1. Nf3 Nf6 2. g3 g6 3. Bg2 Bg7 4. d4 d5 5. O-O O-O 6. c4 c6 7. b3 a6 8. Nbd2 b5 9. Bb2 Bb7 10. Ne5 Nbd7 11. f4 Nxe5 12. dxe5 Qb6+ 13. Kh1 (13. e3 $5) 13... Ng4 14. Nf3 dxc4 15. Bd4 c5 16. Bg1 cxb3 (16... Rad8 $17 17. Qc2 f6 18. exf6 exf6) 17. axb3 a5 18. Qc2 (18. Qd7 $11 e6 19. Rfc1) 18... Rfc8 19. Rfc1 Qd8 (19... f6 $17 20. h3 (20. Bxc5 Qe6 $17) 20... fxe5 21. hxg4 exf4 22. gxf4 Bxa1 23. Rxa1 Qf6) 20. h3 Nh6 21. Bxc5 Nf5 22. Kh2 {[%emt 0:00:22] [#]} Ne3 $1 23. Qd3 Qxd3 24. exd3 Nxg2 25. Kxg2 Bd5 ({Black should play} 25... Rc7 $15) 26. Bxe7 Bxb3 $2 (26... Rxc1 $11 {and Black has nothing to worry.} 27. Rxc1 Bxb3) 27. Rxc8+ Rxc8 28. Rxa5 Bc2 29. Ne1 ({Resist} 29. Rxb5 $6 Bxd3 30. Rc5 Rxc5 $16) 29... Ba4 30. Kf2 Bf8 31. Bxf8 Kxf8 32. Ke3 Rc1 33. Nf3 Ra1 34. Ra8+ Ke7 35. Rb8 Kd7 36. Rb7+ Kc6 37. Rxf7 b4 38. Rf6+ $2 (38. Rxh7 $18 b3 39. Nd4+ Kb6 40. Nxb3 Bxb3 41. Rg7) 38... Kc7 39. Rf7+ Kb6 40. Nd2 b3 41. Kd4 Rc1 42. Nxb3 Bxb3 43. Rxh7 Rc6 $2 (43... Rg1 $16) 44. g4 Be6 45. Rg7 Bc8 46. Ke4 Bb7 47. Kd4 Bc8 48. Re7 Rc1 49. Rf7 Rh1 $2 (49... Rf1 50. e6 Kc6) 50. Rf6+ Kc7 51. Rxg6 Rxh3 52. f5 Kd7 53. Rd6+ Ke8 54. Ke4 Bb7+ 55. Kf4 Rf3+ 56. Kg5 Bc8 57. d4 Kf7 58. Rd8 $18 (58. Rc6 $142 Bd7 59. e6+ Ke8 60. exd7+ Kxd7 61. Re6) 58... Ba6 59. Ra8 Be2 60. Ra7+ Ke8 61. Kf6 Kd8 62. e6 Bb5 63. e7+ Kc8 64. Ra8+ Kc7 65. e8=Q Bxe8 66. Rxe8 Rf4 67. g5 Rxd4 68. g6 Rd6+ 69. Kf7 Rd5 70. f6 1-0

[Event "DEN-ch Seniors 2018"]
[Site "Hvidovre"]
[Date "2018.02.17"]
[Round "6"]
[White "Stentebjerg-Hansen, Per"]
[Black "Baliuniene, Margarita"]
[Result "0-1"]
[ECO "D35"]
[WhiteElo "2261"]
[BlackElo "1881"]
[Annotator "NA"]
[PlyCount "102"]
[EventDate "2018.??.??"]
[EventType "tourn"]
[EventCountry "DEN"]
[SourceTitle "playchess.com"]
[Source "ChessBase"]
[SourceQuality "1"]
[TimeControl "40/5400+30:1800+30"]

1. d4 d5 2. c4 e6 3. Nc3 Nf6 4. cxd5 exd5 5. Bg5 Be7 6. e3 c6 7. Bd3 Nbd7 8. h3 {[%emt 0:08:44] D35: Queen's Gambit Declined: Exchange Variation} Ne4 {[%emt 0:07:23] LiveBook: 13 Games} 9. Bf4 Ndf6 10. Nge2 $146 ({Predecessor:} 10. Qc2 Bd6 11. Nge2 Bxf4 12. Nxf4 Nd6 13. O-O-O Qe7 14. Kb1 Be6 15. Rhe1 O-O-O {½-½ (62) Rakhmanov,A (2662)-Grachev,B (2628) Sochi 2016}) 10... Bd6 11. Bxd6 Nxc3 12. bxc3 Qxd6 13. Ng3 O-O 14. O-O g6 15. Qf3 b6 16. Rfd1 Bb7 17. a4 Rac8 18. Rd2 c5 19. Qd1 c4 20. Bf1 h5 21. h4 Rfe8 22. Rb2 Ng4 23. Qe1 Qf6 24. Be2 Qxh4 25. Nf1 (25. Bxg4 $1 $15 Qxg4 26. a5) 25... Rc6 (25... Bc6 $17 26. a5 b5) 26. Bxg4 hxg4 27. f4 Qe7 28. a5 Bc8 29. axb6 axb6 30. Rab1 Qc7 (30... Qf6 $19 31. Ra2 Bf5) 31. Qh4 Bf5 32. Re1 Qe7 33. Qh6 (33. Qxe7 $17 Rxe7 34. Ng3) 33... Re6 34. g3 g5 (34... Qf6 $19 35. Ra2 b5) 35. Qh5 Qf6 36. fxg5 Qg7 37. Rb5 Rd8 38. Ra1 (38. Nd2 $11 {remains equal.}) 38... Qg6 39. Qh4 Kg7 40. Qh1 $2 (40. Qh6+ Qxh6 41. gxh6+ Rxh6 42. Rb2) 40... Be4 41. Qh6+ Qxh6 42. gxh6+ Rxh6 43. Nh2 Rdh8 44. Rb2 $19 Rh3 45. Raa2 Rxg3+ 46. Kf1 Rxe3 47. Nxg4 Rxc3 48. Rxb6 Rh1+ 49. Kf2 Rf3+ 50. Ke2 Rf4 51. Nf2 Rxf2+ 0-1

[Event "DEN-ch Seniors 2018"]
[Site "Hvidovre"]
[Date "2018.02.17"]
[Round "6"]
[White "Lilja, Richard"]
[Black "Hald, Jens Erik Kofoed"]
[Result "1/2-1/2"]
[ECO "B21"]
[WhiteElo "2086"]
[BlackElo "1983"]
[Annotator "NA RC"]
[PlyCount "30"]
[EventDate "2018.??.??"]
[EventType "tourn"]
[EventCountry "DEN"]
[SourceTitle "playchess.com"]
[Source "ChessBase"]
[SourceQuality "1"]
[TimeControl "40/5400+30:1800+30"]

1. e4 c5 2. d4 cxd4 3. c3 dxc3 4. Nxc3 Nc6 5. Nf3 d6 6. Bc4 e6 7. O-O Be7 8. Qe2 Nf6 9. Rd1 e5 {[%emt 0:00:18] LiveBook: 95 Games} 10. Bg5 Bg4 11. Be3 O-O 12. h3 Bh5 $11 13. Rd2 a6 14. a3 Rc8 15. Rad1 h6 1/2-1/2